 Dungeon Crawl Stone Soup version 0.27-a0-401-gea03ee85fd (webtiles) character file.

Game seed: 557670925981079903

2343 DavidChitty2 the Cleaver (level 9, -4/79 HPs)
             Began as a Minotaur Fighter on Feb 21, 2021.
             Slain by Harold
             ... wielding a +2 short sword of flaming
              (9 damage)
             ... on level 7 of the Dungeon.
             The game lasted 00:06:54 (5892 turns).

DavidChitty2 the Cleaver (Minotaur Fighter)         Turns: 5892, Time: 00:06:54

Health: -4/79      AC: 13    Str: 24    XL:     9   Next: 20%
Magic:  8/8        EV:  7    Int:  5    God:
Gold:   265        SH: 11    Dex: 10    Spells: 8/8 levels left

rFire    . . .     SeeInvis .   a - +0 war axe
rCold    + . .     Faith    .   c - +0 kite shield
rNeg     . . .     Spirit   .   e - +0 chain mail
rPois    .         Reflect  .   (helmet restricted)
rElec    .         Harm     .   j - +0 cloak
rCorr    .         Rampage  .   (no gloves)
Will     .....                  i - +0 pair of boots
Stlth    ..........             (no amulet)
HPRegen  0.23/turn              o - ring of protection from cold
MPRegen  0.11/turn              (no ring)

@: marked
A: retaliatory headbutt, horns 2
a: no special abilities


You were on level 7 of the Dungeon.
You visited 1 branch of the dungeon, and saw 7 of its levels.

You collected 265 gold pieces.

Inventory:

Hand Weapons
 a - a +0 war axe (weapon)
 b - a +2 whip of freezing
   (You took it off Pikel on level 5 of the Dungeon)
Missiles
 q - 2 throwing nets (quivered) {!f}
 t - 12 poisoned darts
Armour
 c - a +0 kite shield (worn)
 e - a +0 chain mail (worn)
   (You found it on level 1 of the Dungeon)
 i - a +0 pair of boots (worn)
   (You found it on level 4 of the Dungeon)
 j - a +0 cloak (worn)
   (You took it off Crazy Yiuf on level 6 of the Dungeon)
Jewellery
 o - a ring of protection from cold (left hand)
   (You found it on level 2 of the Dungeon)
Wands
 l - a wand of polymorph (9)
   (You found it on level 4 of the Dungeon)
 x - a wand of acid (7)
   (You found it on level 4 of the Dungeon)
Scrolls
 f - a scroll of identify {@r1}
 h - 2 scrolls of fog
Potions
 d - 3 potions of might
 g - a potion of attraction {!q}
 k - a potion of haste {unknown}
 m - 2 potions of lignification {!q}
 n - a potion of mutation {unknown}
 p - 2 potions of curing {@q1}
 r - a potion of invisibility
 s - a potion of magic


   Skills:
 + Level 7.5 Fighting
 * Level 9.6 Axes
 + Level 7.6 Armour
 + Level 7.6 Shields


You had 8 spell levels left.
You didn't know any spells.
Your spell library contained the following spells:

 Spells                   Type           Power        Failure   Level
 Beastly Appendage        Tmut           0%           100%        1
 Wereblood                Tmut           0%           100%        2
 Spider Form              Tmut/Pois      0%           100%        3
 Ice Form                 Ice/Tmut       0%           100%        4
 Blade Hands              Tmut           0%           100%        5


Dungeon Overview and Level Annotations

Branches:
Dungeon (7/15)
 Temple: D:4-7

Altars:
Cheibriados
Dithmenos
Fedhas
Nemelex Xobeh
Qazlal
Uskayaw
Zin

Annotations:
D:7 Harold


Innate Abilities, Weirdness & Mutations

You reflexively headbutt those who attack you in melee.
You have a pair of horns on your head.


Message History

You become entangled in the net!
The gnoll hits you but does no damage. The gnoll barely misses you.
You are held in a net!
You struggle against the net.
The gnoll hits you but does no damage. x2
You struggle against the net.
Harold hits you with a +2 short sword of flaming.
* * * LOW HITPOINT WARNING * * *
Harold burns you.
* * * LOW HITPOINT WARNING * * *
You rip the net and break free!
The gnoll hits you but does no damage.
The gnoll hits you from afar with a +0 halberd.
* * * LOW HITPOINT WARNING * * *
Harold hits you but does no damage. The gnoll barely misses you.
You furiously retaliate!
You headbutt the gnoll!
You kill the gnoll!
You hit Harold but do no damage. The gnoll barely misses you.
You block the gnoll's attack.
Harold points at you and mumbles some strange words.
A sentinel's mark forms upon you.
Okay, then.
You are too injured to fight recklessly!
You slash Harold!
You hit the orc priest but do no damage.
The orc priest invokes the aid of Beogh against you.
You struggle to resist.
You block the gnoll's attack. The gnoll hits you but does no damage.
You block Harold's attack.
You are too injured to fight recklessly!
You are too injured to fight recklessly!
You are too injured to fight recklessly!
You are too injured to fight recklessly!
You are too injured to fight recklessly!
You slash Harold! You closely miss something. Harold barely misses you.
The gnoll hits you from afar with a +2 halberd of protection.
* * * LOW HITPOINT WARNING * * *
The gnoll hits you from afar with a +0 halberd.
* * * LOW HITPOINT WARNING * * *
Something hits you but does no damage.
Deactivating autopickup; reactivate with Ctrl-A.
The orc priest calls down the wrath of Beogh upon you.
Beogh smites you!
* * * LOW HITPOINT WARNING * * *
You hit Harold. Your headbutt misses Harold.
Your shield and chain mail prevent you from hitting something.
Harold hits you with a +2 short sword of flaming!
* * * LOW HITPOINT WARNING * * *
Harold burns you.
* * * LOW HITPOINT WARNING * * *
The gnoll hits you but does no damage. You block the gnoll's attack.
Harold hits you with a +2 short sword of flaming!
You die...

#####.#.....
#.....##...#
#.......>..#
##.#....####
###.#...!..## .
#...........#..
#......g........
##..##..)og..#.
####..)@@g.##
#...)###.#
#...## #....
#..# ..[. #.. ##


You could see Harold, an orc priest and 3 gnolls.

Vanquished Creatures
  Pikel (D:5)
  Menkaure (D:6)
  Duvessa (D:5)
  An ice beast (D:5)
  2 ogres (D:6)
  2 centaurs (D:6)
  A phantom (D:7)
  Dowan (D:5)
  5 scorpions
  A centaur zombie (D:6)
  2 hounds
  2 orc priests
  A centaur skeleton (D:6)
  A gnoll shaman (D:7)
  Crazy Yiuf (D:6)
  Jessica (D:2)
  2 iguanas (D:4)
  3 orc wizards
  5 worker ants
  A killer bee zombie (D:5)
  2 hound zombies
  A hound skeleton (D:6)
  A gnoll (D:7)
  10 adders
  2 shadow imps (D:5)
  2 white imps
  An ufetubus (D:6)
  3 oozes
  5 worms
  A dart slug (D:1)
  4 leopard geckos
  14 orcs
  12 giant cockroaches
  14 goblins
  10 hobgoblins
  11 jackals
  5 quokkas
  16 bats
  7 frilled lizards
  5 kobolds
  A leopard gecko skeleton (D:4)
  A quokka skeleton (D:6)
  9 rats
172 creatures vanquished.

Notes
Turn   | Place    | Note
-------+----------+-------------------------------------------
     0 | D:1      | DavidChitty2 the Minotaur Fighter began the quest for the
                  | Orb.
     0 | D:1      | Reached XP level 1. HP: 19/19 MP: 0/0
   164 | D:1      | Reached XP level 2. HP: 27/27 MP: 1/1
   286 | D:1      | Reached skill level 3 in Axes
   960 | D:2      | Reached XP level 3. HP: 28/33 MP: 2/2
  1201 | D:2      | Noticed Jessica
  1207 | D:2      | Killed Jessica
  1208 | D:2      | Reached XP level 4. HP: 13/40 MP: 3/3
  1349 | D:2      | Reached skill level 4 in Axes
  1570 | D:2      | Found a sparkling altar of Nemelex Xobeh.
  1721 | D:2      | Found a shadowy altar of Dithmenos.
  1918 | D:3      | Found a snail-covered altar of Cheibriados.
  1987 | D:3      | Reached XP level 5. HP: 47/47 MP: 4/4
  2879 | D:4      | Reached skill level 5 in Axes
  2892 | D:4      | Reached XP level 6. HP: 47/55 MP: 5/5
  2899 | D:4      | Reached skill level 5 in Armour
  2899 | D:4      | Reached skill level 5 in Shields
  2922 | D:4      | Reached skill level 5 in Fighting
  4103 | D:5      | Entered Level 5 of the Dungeon
  4110 | D:5      | Reached skill level 6 in Axes
  4110 | D:5      | Reached XP level 7. HP: 61/61 MP: 6/6
  4242 | D:5      | Noticed Pikel
  4259 | D:5      | Killed Pikel
  4260 | D:5      | Reached skill level 7 in Axes
  4260 | D:5      | Reached XP level 8. HP: 47/70 MP: 7/7
  4707 | D:5      | Found a glowing silver altar of Zin.
  4765 | D:5      | Reached skill level 8 in Axes
  4829 | D:5      | Noticed Duvessa
  4831 | D:5      | Noticed Dowan
  4837 | D:5      | Killed Duvessa
  4841 | D:5      | Killed Dowan
  4935 | D:5      | Found a snail-covered altar of Cheibriados.
  5192 | D:6      | Found a stormy altar of Qazlal.
  5201 | D:6      | Noticed Menkaure
  5205 | D:6      | Killed Menkaure
  5206 | D:6      | Reached skill level 9 in Axes
  5261 | D:6      | Found a blossoming altar of Fedhas.
  5352 | D:6      | Found a runed translucent door.
  5353 | D:6      | Noticed Crazy Yiuf
  5395 | D:6      | Reached XP level 9. HP: 44/79 MP: 8/8
  5564 | D:6      | Found a hide-covered altar of Uskayaw.
  5813 | D:6      | Killed Crazy Yiuf
  5879 | D:7      | Noticed Harold
  5892 | D:7      | Slain by Harold

Illustrated notes

Levels and vault maps discovered:
D:1:      dpeg_arrival_tiny_h, layout_basic, minmay_misc_feat_doors,
          minmay_misc_feat_iff
D:2:      layout_rooms, lemuel_doored_altar,
          nicolae_dithmenos_through_a_glass_darkly, uniq_jessica
D:3:      layout_basic, old_standard_altar
D:4:      layout_loops_corners, portal_sewer_entry_f, grunt_decor_arrowhead,
          minmay_between
D:5:      layout_rooms, overflow_temple_1_default, corexii_leaking_fountain,
          cheibrodos_worm_habitat, uniq_duvessa, uniq_pikel
D:6:      layout_cave_pools, nicolae_qazlal_eye_of_the_storm,
          old_standard_altar, fedhas_bush_and_centaur_altar, uniq_menkaure,
          uniq_crazy_yiuf_cottage
D:7:      layout_cave_pools, nicolae_overflow_hidden_temple,
          vehumet_altar_wand_db, minmay_temple_entry_enclosed_plants,
          minmay_manual_mess, uniq_harold

Skill      XL: |  1  2  3  4  5  6  7  8 |
---------------+-------------------------+-----
Axes           | 3 4 5 6 7 9 |  9.6
Shields        | 4 5 6 7 |  7.6
Fighting       | 4 5 6 7 |  7.5
Armour         | 4 5 6 7 |  7.6

Action                   |  1- 3 |  4- 6 |  7- 9 || total
-------------------------+-------+-------+-------++-------
Melee: War axe           |    74 |   165 |   168 ||   407
       Headbutt          |    11 |    25 |    35 ||    71
  Use: Scroll            |       |     8 |     4 ||    12
       Potion            |       |     2 |     1 ||     3
Armor: Chain mail        |    41 |   125 |   127 ||   293
       Scale mail        |     6 |       |       ||     6
Dodge: Dodged            |    31 |    35 |    46 ||   112
Block: Kite shield       |    40 |   106 |    96 ||   242

Table legend: (Time is in decaauts)
 A = Elapsed time spent in this place.
 B = Non-inter-level travel time spent in this place.
 C = Inter-level travel time spent in this place.
 D = Time resting spent in this place.
 E = Time spent auto-exploring this place.
 F = Levels seen in this place.
 G = Mean time per level.
                   A        B        C        D        E       F      G
               +--------+--------+--------+--------+--------+-----+--------+
         Total |   6070 |   5882 |    188 |    240 |   4564 |   7 |  867.1 |
       Dungeon |   6070 |   5882 |    188 |    240 |   4564 |   7 |  867.1 |
               +--------+--------+--------+--------+--------+-----+--------+

Top non-repeatable levels by time:
     D:4: 1410 daAuts
     D:1: 982 daAuts
     D:5: 970 daAuts
     D:2: 924 daAuts
     D:3: 907 daAuts
     D:6: 840 daAuts
     D:7: 35 daAuts
